 Dungeon Crawl Stone Soup version 0.16-a0-4111-gf762223 (webtiles) character file.

43 Malachi the Vexing (level 3, -1/24 HPs)
             Began as a Demonspawn Enchanter on Feb 26, 2015.
             Slain by a worm (10 damage)
             ... on level 2 of the Dungeon.
             The game lasted 00:04:26 (2015 turns).

Malachi the Vexing (Demonspawn Enchanter)           Turns: 2015, Time: 00:04:26

Health: -1/24      AC:  3    Str:  8    XL:     3   Next: 37%
Magic:  2/6        EV: 12    Int: 17    God:
Gold:   36         SH:  0    Dex: 13    Spells: 2 memorised, 3 levels left

rFire  . . .     SeeInvis .     l - +0 short sword (freeze)
rCold  . . .     Clarity  .     b - +1 robe
rNeg   . . .     SustAb   .     (no shield)
rPois  .         Gourm    .     (no helmet)
rElec  .         Spirit   .     (no cloak)
rCorr  .         Warding  .     (no gloves)
rMut   .         Stasis   .     (no boots)
MR     .....                    (no amulet)
Stlth  +++.......               (no ring)
                                (no ring)

@: not resistant to hostile enchantments, fairly stealthy
A: nightstalker 1, rot immunity
a: no special abilities


You were on level 2 of the Dungeon.
You were not hungry.

You visited 1 branch of the dungeon, and saw 2 of its levels.

You collected 36 gold pieces.

Inventory:

Hand weapons
 a - a +1 dagger
 l - a +0 short sword of freezing (weapon)
Missiles
 o - 2 needles of slowing
Armour
 b - a +1 robe (worn)
Jewellery
 i - an uncursed ring of see invisible {unknown}
Scrolls
 f - a scroll of enchant armour {unknown}
 h - 2 scrolls of identify {unknown}
 k - a scroll of fear {unknown}
Potions
 e - 2 potions of heal wounds {unknown}
 n - a potion of invisibility {unknown}
 q - a potion of might {unknown}
Books
 c - a book of Maledictions

   Spells                             Type                      Level
   a - Corona                         Hexes                        1
   b - Sure Blade                     Hexes/Charms                 2
   c - Ensorcelled Hibernation        Hexes/Ice                    2
   d - Confuse                        Hexes                        3
   e - Dazzling Spray                 Conjuration/Hexes            3
   f - Enslavement                    Hexes                        4
Comestibles
 d - a bread ration
 g - a slice of pizza
 j - a fruit
 m - a meat ration
 p - 3 chunks of flesh


   Skills:
 + Level 0.2 Fighting
 + Level 1.2 Short Blades
 + Level 2.4 Dodging
 * Level 3.1 Stealth
 + Level 2.1 Spellcasting
 + Level 3.3 Hexes
 + Level 0.1 Ice Magic


You had 3 spell levels left.
You knew the following spells:

 Your Spells              Type           Power        Failure   Level  Hunger
a - Corona                Hex            ##.....      6%          1    #......
b - Ensorcelled Hibernat  Hex/Ice        #.....       17%         2    ###....


Dungeon Overview and Level Annotations

Branches:
Dungeon (2/15)

Altars:
Makhleb
The Shining One


Innate Abilities, Weirdness & Mutations

You are slightly more attuned to the shadows.
You are immune to rotting.


Message History

The worm is lightly wounded.
The worm barely misses you.
You hit the worm. You freeze the worm.
The worm is lightly wounded.
The worm bites you.
You hit the worm. You freeze the worm.
The worm is heavily wounded.
Casting: Ensorcelled Hibernation
Confirm with . or Enter, or press ? or * to list all spells.
Aiming: Ensorcelled Hibernation
Press: ? - help, Shift-Dir - straight line, f - worm
Aim: a worm (heavily wounded, chance 48%)
The worm resists with some effort.
The worm bites you but does no damage.
Casting: Ensorcelled Hibernation
Confirm with . or Enter, or press ? or * to list all spells.
Aiming: Ensorcelled Hibernation
Press: ? - help, Shift-Dir - straight line, f/p - worm
Aim: a worm (heavily wounded, chance 48%)
The worm resists with some effort.
The worm bites you!
You die...

#.... #.... #....
##############....
#.................
#.................
#####....†.........###
#..................#
#....@)............#
#...w.##############
#.....# #.....#
#.....# #.....# #####


You could see a worm.

Vanquished Creatures
  A worm (D:2)
  A giant gecko (D:1)
  An orc (D:2)
  4 hobgoblins
  6 kobolds
  6 bats
  A giant cockroach (D:1)
  4 giant newts
  5 goblins (D:1)
  2 jackals (D:1)
  5 rats
36 creatures vanquished.

Notes
Turn   | Place    | Note
--------------------------------------------------------------
     0 | D:1      | Malachi, the Demonspawn Enchanter, began the quest for the Orb.
     0 | D:1      | Reached XP level 1. HP: 13/13 MP: 3/3
   421 | D:1      | Gained mutation: You are immune to rotting. [demonic ancestry]
   421 | D:1      | Reached XP level 2. HP: 14/19 MP: 4/4
   562 | D:1      | Learned a level 2 spell: Ensorcelled Hibernation
   591 | D:1      | Found a glowing golden altar of the Shining One.
   726 | D:1      | Reached skill level 1 in Short Blades
  1364 | D:1      | Gained mutation: You are slightly more attuned to the shadows. [demonic ancestry]
  1364 | D:1      | Reached XP level 3. HP: 21/24 MP: 6/6
  1617 | D:2      | Found a burning altar of Makhleb.
  2015 | D:2      | Slain by a worm

Action                   || total
-------------------------++-------
Melee: Dagger            ||    60
       Short sword       ||    70
 Cast: Corona            ||     5
       Ensorcelled Hiber ||     7
 Stab: Sleeping          ||     8
  Eat: Chunk             ||     4
